 Dungeon Crawl Stone Soup version 0.24.0-37-gcf1ca852f1 (webtiles) character file.

Game seed: 17221286008199048031, levelgen mode: deterministic

3602 glosham the Cleaver (level 9, -3/63 HPs)
             Began as a Mummy Abyssal Knight on Dec 7, 2019.
             Was an Elder of Lugonu.
             Killed from afar by a gargoyle (12 damage)
             ... with a stone arrow
             ... on level 8 of the Dungeon on Dec 8, 2019.
             The game lasted 01:51:47 (5619 turns).

glosham the Cleaver (Mummy Abyssal Knight)          Turns: 5619, Time: 01:51:47

Health: -3/63      AC: 18    Str: 19    XL:     9   Next: 86%
Magic:  10/10      EV:  5    Int: 11    God:    Lugonu [****..]
Gold:   129        SH:  0    Dex: 11    Spells: 8/8 levels left

rFire    . . .     SeeInvis .   a - +7 flail (crush)
rCold    + . .     Gourm    .   (no shield)
rNeg     + + +     Faith    .   X - +0 plate armour
rPois    ∞         Spirit   .   U - +0 helmet
rElec    .         Reflect  .   Y - +2 cloak
rCorr    .         Harm     .   V - +2 pair of gloves
MR       ++...                  W - +0 pair of boots
Stlth    ..........             z - amulet of regeneration
HPRegen  0.60/turn              A - ring of protection from fire
MPRegen  0.12/turn              B - ring of protection from magic

@: no status effects
A: no food or potions, fire vulnerability, cold resistance 1, negative energy
resistance 3, torment resistance, unbreathing
a: Depart the Abyss, Bend Space, Banish, Corrupt, Renounce Religion


You were on level 8 of the Dungeon.
You worshipped Lugonu.
Lugonu was greatly pleased with you.
You were not hungry.

You visited 1 branch of the dungeon, and saw 8 of its levels.
You visited the Abyss 1 time.

You collected 472 gold pieces.
You spent 343 gold pieces at shops.

Inventory:

Hand Weapons
 a - a +7 flail of crushing (weapon)
 b - a +5 hand axe
 c - the +2 longbow "Qoaseoxu" {venom, rF+ rN+ Dex-3}
   (You bought it in a shop on level 7 of the Dungeon)

   It poisons the ammo it fires.
   It affects your dexterity (-3).
   It protects you from fire.
   It protects you from negative energy.
 d - a +0 mace of distortion
 i - a +0 arbalest
 s - a +1 hand axe
 t - a +0 scythe
 u - a +1 antimagic trident
 v - a +0 war axe
 w - a +0 halberd
 E - a +0 shortbow
Missiles
 g - 207 stones
 j - 48 sling bullets
 y - 52 poisoned darts (quivered)
 C - 194 arrows
 F - 39 bolts
 G - 6 atropa-tipped darts
Armour
 h - a +1 ring mail of magic resistance
 l - a +2 robe of the Archmagi
 m - a +2 ring mail of fire resistance
 x - a +0 shield
 I - a +1 ring mail of cold resistance
 U - a +0 helmet (worn)
 V - a +2 pair of gloves (worn)
 W - a +0 pair of boots (worn)
 X - a +0 plate armour (worn)
 Y - a +2 cloak (worn)
Magical Staves
 J - an uncursed staff of wizardry {!a}
Jewellery
 z - an amulet of regeneration (around neck)
 A - a ring of protection from fire (left hand)
 B - a ring of protection from magic (right hand)
 D - an uncursed ring of fire
Wands
 e - a wand of flame (13)
Scrolls
 f - a scroll of amnesia
 n - 3 scrolls of fear
 o - 3 scrolls of remove curse
 p - 4 scrolls of identify
 r - 5 scrolls of magic mapping
 H - 3 scrolls of enchant weapon
Miscellaneous
 q - a lightning rod (2/4)


   Skills:
 - Level 3.0 Fighting
 * Level 11.8 Axes
 - Level 1.5 Armour
 - Level 0.7 Dodging
 - Level 1.5 Invocations


You had 8 spell levels left.
You didn't know any spells.
Your spell library was empty.

Dungeon Overview and Level Annotations

Branches:
Dungeon (8/15)             Temple (0/1) D:5
   Lair: D:8-11

Altars:
Ashenzari
Dithmenos
Elyvilon
Fedhas
Gozag
Hepliaklqana
Makhleb
Ru
Zin

Shops:
D:4 :   D:6 *   D:7 (([[[

Annotations:
D:5 grate vault


Innate Abilities, Weirdness & Mutations

You do not eat or drink.
Your flesh is vulnerable to fire.
You are immune to poison.
Your flesh is cold resistant. (rC+)
You are immune to negative energy. (rN+++)
You are immune to unholy pain and torment.
You can survive without breathing.


Message History

Found a scroll of remove curse.
There is an open door here.
You hit the gargoyle but do no damage. The gargoyle hits you with a +0 flail!
You hit the gargoyle.
The gargoyle is lightly damaged.
The gargoyle hurls a stone arrow at you.
The stone arrow hits you!
You hit the gargoyle but do no damage.
The gargoyle is lightly damaged.
The gargoyle hits you with a +0 flail.
You barely miss the gargoyle.
The gargoyle is lightly damaged.
You hit the gargoyle.
The gargoyle is moderately damaged.
The gargoyle hits you with a +0 flail!
You barely miss the gargoyle.
The gargoyle is moderately damaged.
The gargoyle hits you with a +0 flail.
You hit the gargoyle.
The gargoyle is moderately damaged.
The gargoyle hits you but does no damage.
Your plate armour prevents you from hitting the gargoyle.
The gargoyle is moderately damaged.
The gargoyle hits you with a +0 flail.
Your plate armour prevents you from hitting the gargoyle.
The gargoyle is moderately damaged.
The gargoyle hurls a stone arrow at you.
The stone arrow hits you!
* * * LOW HITPOINT WARNING * * *
As you read the scroll of teleportation, it crumbles to dust.
You feel strangely unstable.
The gargoyle hits you but does no damage.
Your surroundings seem slightly different.
Adjust (i)tems, (s)pells, or (a)bilities?
Adjust which ability?
No such ability.
You fail to use your ability.
The gargoyle hurls a stone arrow at you.
The stone arrow hits you!
You die...

.... ###...####### #####
..... +............ ....#
......###.......... ....##
........#.......... ......
#######...####..... ....#
### ###)## #..... ....#
##+.+## #..# #....≈ ....#
#.# #+.....+###.# #.....
....######.# #..@....# #.#
#...≈.
....#......##+.......+##.#
#.?..≈
....#......##.9..8....##.#
#.....
##.##......##'.......'##.#
#.....
#.##....%.#?#.......#)#.#
#.....
#.##......###'.....'###.#
#.....
#.##.......#8##...##8#..#
######
#.##.....#.###8...8###.##
#..+.!...#...##...##...#


You could see a gargoyle.

Vanquished Creatures
  A gargoyle (D:8)
  A flying skull (Abyss:4)
  Sigmund (D:4)
  Eustachio (D:5)
  Edmund (D:5)
  A hungry ghost (D:8)
  Duvessa (D:7)
  An orc warrior (D:7)
  4 phantoms
  3 ogres
  3 centaurs
  2 bullfrogs
  2 scorpions
  Dowan (D:7)
  An oklob sapling (D:5)
  A howler monkey (D:4)
  3 crimson imps
  A bullfrog skeleton (D:5)
  3 orc priests
  5 hounds
  A jelly (D:6)
  3 iguanas
  12 orc wizards
  Ijyb (D:5)
  Terence (D:3)
  Natasha (D:3)
  2 worker ants
  A hound zombie (D:7)
  2 hound skeletons
  3 gnolls (D:8)
  6 adders
  A shadow imp (D:5)
  An ooze (D:3)
  An adder zombie (D:5)
  2 worms (D:4)
  4 dart slugs
  4 leopard geckos
  30 orcs
  2 ball pythons (D:3)
  2 giant cockroaches
  7 goblins
  10 hobgoblins
  14 jackals
  4 quokkas
  2 bats
  A frilled lizard (D:3)
  10 kobolds
  A leopard gecko skeleton (D:4)
  A leopard gecko zombie (D:7)
  A quokka skeleton (D:7)
  9 rats
  5 plants (D:5)
182 creatures vanquished.

Vanquished Creatures (others)
  2 plants (D:5)
2 creatures vanquished.

Grand Total: 184 creatures vanquished

Notes
Turn   | Place    | Note
-------+----------+-------------------------------------------
     0 | Abyss:1  | glosham the Mummy Abyssal Knight began the quest for the
                  | Orb.
     0 | Abyss:1  | Reached XP level 1. HP: 18/18 MP: 2/2
     0 | Abyss:1  | Found a corrupted altar of Lugonu.
    28 | Abyss:1  | Noticed a crimson imp
    51 | Abyss:1  | Noticed an ettin simulacrum
    51 | Abyss:1  | Noticed a wretched star
    58 | Abyss:1  | Noticed a ynoxinul
    61 | Abyss:1  | Noticed an ancient zyme
    69 | Abyss:1  | Noticed a seven-headed hydra zombie
   144 | Abyss:3  | Noticed a smoke demon
   144 | Abyss:3  | Noticed a ynoxinul
   186 | Abyss:4  | Noticed a large abomination
   186 | Abyss:4  | Noticed a flying skull
   188 | Abyss:4  | Noticed a thrashing horror
   190 | Abyss:4  | Killed a flying skull
   190 | Abyss:4  | Reached skill level 4 in Axes
   190 | Abyss:4  | Reached XP level 2. HP: 13/24 MP: 3/3
   190 | Abyss:4  | Reached XP level 3. HP: 16/29 MP: 4/4
   190 | Abyss:4  | Reached XP level 4. HP: 20/35 MP: 5/5
   190 | Abyss:4  | Reached XP level 5. HP: 23/41 MP: 6/6
   191 | Abyss:4  | Noticed a hell hog
   192 | D:1      | Escaped the Abyss
   280 | D:1      | Reached * piety under Lugonu
  1515 | D:3      | Reached skill level 5 in Axes
  1797 | D:3      | Reached ** piety under Lugonu
  1823 | D:3      | Reached XP level 6. HP: 33/47 MP: 7/7
  2144 | D:3      | Noticed Terence
  2157 | D:3      | Killed Terence
  2217 | D:3      | Found a shattered altar of Ashenzari.
  2486 | D:4      | Noticed Natasha
  2498 | D:3      | Killed Natasha
  2505 | D:3      | Reached skill level 6 in Axes
  2555 | D:4      | Noticed Sigmund
  2558 | D:4      | Killed Sigmund
  2558 | D:4      | Reached XP level 7. HP: 49/52 MP: 8/8
  2671 | D:4      | Reached skill level 7 in Axes
  2698 | D:4      | Reached *** piety under Lugonu
  2707 | D:4      | Found Wawez's Book Shop.
  2926 | D:5      | Entered Level 5 of the Dungeon
  3060 | D:5      | Noticed Ijyb
  3062 | D:5      | Killed Ijyb
  3079 | D:5      | Got a wizard robe
  3143 | D:5      | Reached XP level 8. HP: 13/58 MP: 9/9
  3209 | D:5      | Reached skill level 8 in Axes
  3427 | D:5      | Found a staircase to the Ecumenical Temple.
  3598 | D:5      | Noticed Edmund
  3621 | D:5      | Killed Edmund
  3626 | D:5      | Reached skill level 9 in Axes
  3668 | D:5      | Identified the +0 robe "Voottu" {rPois} (You found it on
                  | level 5 of the Dungeon)
  3751 | D:5      | Found a glowing silver altar of Zin.
  3752 | D:5      | Noticed Eustachio
  3761 | D:5      | Killed Eustachio
  3987 | D:6      | Found a sacrificial altar of Ru.
  4012 | D:6      | Found Wolloy Oklu's Mayhem Merchandise.
  4024 | D:6      | Found a burning altar of Makhleb.
  4103 | D:6      | Reached skill level 10 in Axes
  4103 | D:6      | Reached XP level 9. HP: 63/63 MP: 10/10
  4122 | D:6      | Found a white marble altar of Elyvilon.
  4255 | D:6      | Reached **** piety under Lugonu
  4490 | D:7      | Found Onetseo's Antique Weapon Shop.
  4534 | D:7      | Bought a translucent longbow for 294 gold pieces
  4534 | D:7      | Identified the +2 longbow "Qoaseoxu" {venom, rF+ rN+ Dex-3}
                  | (You bought it in a shop on level 7 of the Dungeon)
  4550 | D:7      | Found Gesh's Antique Weapon Shop.
  4553 | D:7      | Noticed Duvessa
  4553 | D:7      | Noticed Dowan
  4583 | D:7      | Killed Dowan
  4603 | D:7      | Killed Duvessa
  4633 | D:7      | Reached skill level 11 in Axes
  4657 | D:7      | Found Nixtol's Armour Shop.
  4729 | D:7      | Found Ipuil's Armour Shoppe.
  4787 | D:7      | Found a hazy altar of Hepliaklqana.
  4896 | D:7      | Found Fetett's Armour Boutique.
  4903 | D:7      | Bought a +0 pair of boots for 49 gold pieces
  4924 | D:7      | Found a shadowy altar of Dithmenos.
  5094 | D:7      | Found an opulent altar of Gozag.
  5176 | D:8      | Noticed a gargoyle
  5184 | D:8      | Killed a gargoyle
  5241 | D:8      | Found a blossoming altar of Fedhas.
  5605 | D:8      | Noticed a gargoyle
  5614 | D:8      | HP: 6/63 [gargoyle/stone arrow (12)]
  5619 | D:8      | Killed from afar by a gargoyle

Levels and vault maps discovered:
D:1:      matt_arrival_grand_opening, layout_basic
D:2:      layout_basic, first_ration, item_on_display_a
D:3:      layout_basic, cheibrodos_ashenzari_chains, uniq_terence
D:4:      layout_cave_pools, serial_shops, nicolae_shop_stone, uniq_natasha,
          uniq_sigmund
D:5:      minmay_skewed_foursquare, layout_loops_corners, zin_treasury,
          minmay_temple_entry_oklob, uniq_ijyb, uniq_eustachio, uniq_edmund
D:6:      layout_cave_pools, elyvilon_altar_3, lemuel_crystal_altar,
          nicolae_ru_awakened_eye, minmay_shop_mayhem
D:7:      layout_loops_cross, grunt_dithmenos_smoke_and_mirrors,
          kennysheep_little_box, kennysheep_mini_moat, serial_shops, shop,
          nicolae_shop_stone, nicolae_shop_waterfront, shop_statue, shop,
          grunt_decor_one_mirror, uniq_duvessa
D:8:      cheibrodos_statue_roulette, layout_basic, fedhas_altar_2

Skill      XL: |  1  2  3  4  5  6  7  8  9 |
---------------+----------------------------+-----
Axes           | 4 5 6 7 10 11 | 11.8
Fighting       | |  3.0
Armour         | |  1.5
Dodging        | |  0.7
Invocations    | |  1.5

Action                   |  1- 3 |  4- 6 |  7- 9 || total
-------------------------+-------+-------+-------++-------
Melee: Hand axe          |       |   279 |   184 ||   463
       Flail             |       |       |   256 ||   256
 Fire: Arbalest          |       |     4 |     5 ||     9
       Longbow           |       |       |    11 ||    11
Throw: Dart              |       |       |    10 ||    10
Invok: Depart the Abyss  |       |     1 |       ||     1
Evoke: Lightning rod     |     3 |     4 |     6 ||    13
       Wand              |       |       |     5 ||     5
  Use: Scroll            |     1 |    10 |    11 ||    22
Armor: Plate armour      |       |   170 |   285 ||   455
Dodge: Dodged            |     4 |    58 |    96 ||   158

Table legend:
 A = Turns spent in this place as a percentage of turns spent in the entire game.
 B = Non-inter-level travel turns spent in this place as a percentage of non-inter-level travel turns spent in the entire game.
 C = Inter-level travel turns spent in this place as a percentage of turns spent in this place.
 D = Turns resting spent in this place as a percentage of non-inter-level travel turns spent in this place.
 E = Turns spent auto-exploring this place as a percentage of non-inter-level travel turns spent in this place.
 F = Non-inter-level travel turns spent in this place divided by the number of levels of this place that you've seen.
                   A       B       C       D       E      F
               +-------+-------+-------+-------+-------+----------------------
         Total | 100.0 | 100.0 |   9.1 |   0.1 |   0.4 | 425.6
       Dungeon |  96.6 |  96.2 |   9.4 |   0.1 |   0.4 | 614.4
         Abyss |   3.4 |   3.8 |   0.0 |   0.0 |   0.0 |  48.0
               +-------+-------+-------+-------+-------+----------------------

Table legend:
 A = Kills in this place as a percentage of kills in entire the game.
 B = Kills by you in this place as a percentage of kills by you in the entire game.
 C = Kills by friends in this place as a percentage of kills by friends in the entire game.
 D = Other kills in this place as a percentage of other kills in the entire game.
 E = Experience gained in this place as a percentage of experience gained in the entire game.
 F = Experience gained in this place divided by the number of levels of this place that you have seen.
                   A       B       C       D       E      F
               +-------+-------+-------+-------+-------+----------------------
         Total | 100.0 | 100.0 |   N/A |   N/A | 100.0 | 428.8
       Dungeon |  99.4 |  99.4 |   N/A |   N/A |  95.7 | 615.4
         Abyss |   0.6 |   0.6 |   N/A |   N/A |   4.3 |  55.8
               +-------+-------+-------+-------+-------+----------------------

Levels and vault maps discovered:
D:1:      matt_arrival_grand_opening, layout_basic
D:2:      layout_basic, first_ration, item_on_display_a
D:3:      layout_basic, cheibrodos_ashenzari_chains, uniq_terence
D:4:      layout_cave_pools, serial_shops, nicolae_shop_stone, uniq_natasha,
          uniq_sigmund
D:5:      minmay_skewed_foursquare, layout_loops_corners, zin_treasury,
          minmay_temple_entry_oklob, uniq_ijyb, uniq_eustachio, uniq_edmund
D:6:      layout_cave_pools, elyvilon_altar_3, lemuel_crystal_altar,
          nicolae_ru_awakened_eye, minmay_shop_mayhem
D:7:      layout_loops_cross, grunt_dithmenos_smoke_and_mirrors,
          kennysheep_little_box, kennysheep_mini_moat, serial_shops, shop,
          nicolae_shop_stone, nicolae_shop_waterfront, shop_statue, shop,
          grunt_decor_one_mirror, uniq_duvessa
D:8:      cheibrodos_statue_roulette, layout_basic, fedhas_altar_2
